 Dungeon Crawl Stone Soup version 0.31-a0-105-gc0b45f0da6 (webtiles) character file.

Game seed: 10601801202943713726

2258 Bigbad the Magician (level 9, -1/59 HPs)
             Began as a Djinni Fire Elementalist on May 27, 2023.
             Was a Believer of Makhleb.
             Slain by a killer bee (6 damage)
             ... on level 6 of the Dungeon.
             The game lasted 02:20:38 (6858 turns).

Bigbad the Magician (Djinni Fire Elementalist)      Turns: 6858, Time: 02:20:39

Health: -1/59      AC:  5    Str: 14    XL:     9   Next: 64%
Gold:   336        EV: 14    Int: 19    God:    Makhleb [**....] SH:  5 Dex: 20

rFire   + + +        E - +2 flail (venom) {big spill}
rCold   x . .        (no shield)
rNeg    + . .        y - +2 leather armour {Will+}
rPois   ∞            (no helmet)
rElec   .            (no cloak)
rCorr   .            (no gloves)
SInv    .            (boots unavailable)
Will    +....        s - amulet "Nuilupp" {Reflect rF+ Str+3 SH+5}
Stlth   +++          F - ring of positive energy
HPRegen 1.09/turn    G - +6 ring of dexterity
MPRegen 0.00/turn

%: reflection, infuse magic (-2 HP)
@: about to teleport, flying
A: sickness immunity, fire resistance 2, cold vulnerability 1, float, innate
caster, HP casting, extra vitality 1, regeneration 1, strong 1
a: Renounce Religion, Minor Destruction


You were on level 6 of the Dungeon.
You worshipped Makhleb.
Makhleb was pleased with you.
You visited 2 branches of the dungeon, and saw 7 of its levels.
You also visited: Ossuary.

You collected 336 gold pieces.

Inventory:

Hand Weapons
 c - a +0 dagger
 d - a +1 mace
 h - a +0 hand axe
 i - a +0 halberd
 q - a +0 rapier
 u - a +0 dagger of venom
 z - a +2 vampiric dagger
 B - a +0 giant spiked club
 E - a +2 flail of venom (weapon) {big spill}
Missiles
 A - a boomerang
Armour
 a - a +0 robe
 o - a +0 robe
 r - a +0 leather armour
 y - a +2 leather armour of willpower (worn)
Jewellery
 p - a ring of poison resistance
 s - the amulet "Nuilupp" (around neck) {Reflect rF+ Str+3 SH+5}
   (You acquired it on level 4 of the Dungeon)

   [amulet of reflection]

   It reflects blocked missile attacks.
   Str:       It affects your strength (+3).
   rF:        It protects you from fire.
   SH:        It affects your SH (+5).
 v - an amulet of the acrobat
 F - a ring of positive energy (left hand)
 G - a +6 ring of dexterity (right hand)
 L - a ring of willpower
Scrolls
 f - 4 scrolls of vulnerability
 g - 2 scrolls of poison
 j - a scroll of enchant armour {unknown}
 k - a scroll of enchant weapon
 l - 5 scrolls of teleportation
 w - a scroll of silence {unknown}
 x - a scroll of blinking {unknown}
 D - a scroll of amnesia {unknown}
 H - a scroll of fear
 K - a scroll of noise {unknown}
 M - 3 scrolls of fog {unknown}
Potions
 b - 2 potions of cancellation
 e - a potion of ambrosia
 m - 2 potions of mutation
 n - 3 potions of haste
 t - a potion of enlightenment {unknown}
 C - a potion of attraction {unknown}
 I - 2 potions of might {unknown}


   Skills:
 + Level 2.7 Fighting
 + Level 1.7 Maces & Flails
 + Level 2.5 Armour
 + Level 5.0 Dodging
 + Level 4.5 Stealth
 + Level 2.5 Shields
 + Level 6.5 Spellcasting
 + Level 6.5 Conjurations
 + Level 6.5 Hexes
 + Level 6.5 Summonings
 + Level 6.5 Necromancy
 + Level 6.5 Translocations
 + Level 6.5 Transmutations
 + Level 6.5 Fire Magic
 + Level 6.5 Ice Magic
 + Level 6.5 Air Magic
 + Level 6.5 Earth Magic
 + Level 6.5 Poison Magic
 + Level 2.8 Invocations
 + Level 1.8 Evocations


You knew the following spells:

 Your Spells              Type           Power      Damage    Failure   Level
a - Foxfire               Conj/Fire      100%       2x1d9     1%          1
b - Scorch                Fire           62%        2d7       1%          2
c - Volatile Blastmotes   Fire/Tloc      56%        2d14      3%          3
d - Inner Flame           Hex/Fire       28%        N/A       3%          3
e - Flame Wave            Conj/Fire      28%        2d9       12%         4
f - Slow                  Hex            100%       N/A       1%          1
g - Passwall              Tmut/Erth      23%        N/A       1%          2
h - Lesser Beckoning      Tloc           62%        N/A       1%          2
i - Ignite Poison         Fire/Tmut/Pois 27%        N/A       4%          3
Your spell library was empty.

Dungeon Overview and Level Annotations

Branches:
Dungeon (6/15)             Temple (1/1) D:5         Ossuary (visited)

Altars:
Cheibriados
Elyvilon
Gozag
Makhleb
Nemelex Xobeh
Okawaru
Qazlal
Ru
Trog
Uskayaw
Xom
Yredelemnul
Zin
Lugonu

Shops:
D:3 [   D:6 *

Annotations:
D:6 1 transporter, PirateVox's ghost, novice TrMo


Innate Abilities, Weirdness & Mutations

You are immune to sickness and miasma.
You are immune to poison.
Your flesh is very heat resistant. (rF++)
You are vulnerable to cold. (rC-)
You float through the air rather than walking.
You learn spells naturally, not from books.
Your magical power is your life essence.
You have superior vitality. (+4 MHP)
Your natural rate of healing is unusually fast.
Your muscles are strong. (Str +4, Int/Dex -1)


Message History

You kill the killer bee!
Makhleb accepts your kill.
You feel better.
You finish channelling waves of flame.
The killer bee closely misses you. You block PirateVox's ghost's attack.
Your Dodging skill increases to level 5!
Unknown command.
You can't go down here!
You can't go up here!
As you read the scroll of fear, it crumbles to dust.
You assume a fearsome visage.
The killer bee looks frightened!
PirateVox's ghost is unaffected.
The killer bee looks frightened!
The queen bee looks frightened!
PirateVox's ghost hits you.
Unknown command.
Casting: Flame Wave (dangerous; 12% risk of failure)
Confirm with . or Enter, or press ? or * to list all spells.
Flames lash the killer bee.
Your attack snaps the killer bee out of its fear.
The killer bee is almost dead.
The killer bee's fire resistance burns away.
PirateVox's ghost hits you!
You feel better.
The killer bee stings you. x2; PirateVox's ghost hits you.
* * * LOW HITPOINT WARNING * * *
Casting: Scorch (safe; 1% risk of failure)
Confirm with . or Enter, or press ? or * to list all spells.
You can't see any susceptible monsters within range! (Use Z to cast anyway.) Unknown command.
As you read the scroll of teleportation, it crumbles to dust.
You feel strangely unstable. The killer bee closely misses you. x2
Cornered, the killer bee turns to fight!
You block PirateVox's ghost's attack.
Unknown command.
You block the killer bee's attack. The killer bee barely misses you.
PirateVox's ghost barely misses you.
Cornered, the queen bee turns to fight!
The killer bee is no longer more vulnerable to fire.
The killer bee barely misses you. The killer bee stings you.
* * * LOW HITPOINT WARNING * * *
PirateVox's ghost hits you!
* * * LOW HITPOINT WARNING * * *
The killer bee misses you. x2; The killer bee stings you.
You die...

##..###.###..##.#
#..#########..#.#
#.###.###.###.#.#
#.##...#...##.#.#
#.##.###.#.##.#.### ####
#.##...#...##.....# #...
#.#[#.#.#.#.#.#.#.# #.##
##.#?.#y..#.y#...#.# #.#
#.©#©.#.#y#.@#©.##.#######.#
#..#).#...#yW#.###.........#
#..#$#.#.#!#.#.# ###########
#..##...#$..##.# ###########
#..##.#y#.#.##.# #..........
#..##!..#.y.##.# #.#########
#..###y###!###.# #.# #.
#...#########..# #.# #.
#.#..###.###..##
##.########.


You could see a queen bee, 2 killer bees and PirateVox's ghost.

Vanquished Creatures
  Grinder (D:3)
  Prince Ribbit (D:6)
  Eustachio (D:4)
  Edmund (D:5)
  Duvessa (D:5)
  2 black bears
  3 ogres
  A kobold brigand (D:6)
  2 scorpions (D:5)
  Dowan (D:5)
  4 killer bees (D:6)
  An orc priest (D:3)
  3 hounds
  A jelly (D:4)
  A gnoll bouda (D:6)
  Jessica (D:2)
  2 iguanas
  4 orc wizards
  A hound zombie (D:3)
  A mummy (Ossuary)
  10 gnolls
  6 adders
  A shadow imp (D:5)
  A white imp (D:5)
  An adder zombie (D:3)
  A worm (D:4)
  A dart slug (D:2)
  17 orcs
  2 spectral bats (Ossuary)
  7 bats
  8 endoplasms
  5 giant cockroaches
  5 goblins
  5 hobgoblins
  3 jackals (D:2)
  A quokka (D:4)
  9 ball pythons
  4 frilled lizards
  12 gnoll zombies (Ossuary)
  A goblin simulacrum (Ossuary)
  2 goblin zombies (Ossuary)
  7 hobgoblin zombies (Ossuary)
  12 kobolds
  2 kobold simulacra (Ossuary)
  4 kobold zombies (Ossuary)
  5 orc zombies (Ossuary)
  A quokka zombie (D:3)
  11 rats
  3 rat simulacra (Ossuary)
  3 spectral goblins (Ossuary)
  9 spectral kobolds (Ossuary)
  5 spectral rats (Ossuary)
197 creatures vanquished.

Vanquished Creatures (others)
  A wizard (D:5)
  188 foxfires
189 creatures vanquished.

Grand Total: 386 creatures vanquished

Notes
Turn   | Place    | Note
-------+----------+-------------------------------------------
     0 | D:1      | Bigbad the Djinni Fire Elementalist began the quest for the
                  | Orb.
     0 | D:1      | Bigbad set off with the following spells memorised:
                  | Foxfire, Scorch, Volatile Blastmotes, Inner Flame, Flame
                  | Wave.
     0 | D:1      | Reached XP level 1. HP: 15/15 MP: 0/0
   300 | D:1      | Reached XP level 2. HP: 21/21 MP: 0/0
   653 | D:1      | Reached XP level 3. HP: 24/25 MP: 0/0
   653 | D:1      | Learned a level 1 spell: Slow
  1177 | D:2      | Reached XP level 4. HP: 23/31 MP: 0/0
  1469 | D:2      | Reached XP level 5. HP: 31/35 MP: 0/0
  1469 | D:2      | Learned a level 2 spell: Passwall
  1645 | D:2      | Noticed Jessica
  1656 | D:2      | Killed Jessica
  1676 | D:2      | Found a faded altar of an unknown god.
  2003 | D:3      | Noticed Grinder
  2017 | D:3      | Killed Grinder
  2018 | D:3      | Reached XP level 6. HP: 21/40 MP: 0/0
  2092 | D:3      | Found Othudghi's Antique Armour Shoppe.
  2169 | D:3      | Found a basalt altar of Yredelemnul.
  2223 | D:3      | Reached XP level 7. HP: 17/45 MP: 0/0
  2223 | D:3      | Learned a level 2 spell: Lesser Beckoning
  2530 | D:3      | Found a stormy altar of Qazlal.
  2813 | D:3      | Found a shimmering altar of Xom.
  2862 | D:4      | Reached skill level 5 in Spellcasting
  2862 | D:4      | Reached skill level 5 in Conjurations
  2862 | D:4      | Reached skill level 5 in Hexes
  2862 | D:4      | Reached skill level 5 in Summonings
  2862 | D:4      | Reached skill level 5 in Necromancy
  2862 | D:4      | Reached skill level 5 in Translocations
  2862 | D:4      | Reached skill level 5 in Transmutations
  2862 | D:4      | Reached skill level 5 in Fire Magic
  2862 | D:4      | Reached skill level 5 in Ice Magic
  2862 | D:4      | Reached skill level 5 in Air Magic
  2862 | D:4      | Reached skill level 5 in Earth Magic
  2862 | D:4      | Reached skill level 5 in Poison Magic
  3022 | D:4      | Found a sacrificial altar of Ru.
  3108 | D:4      | Noticed Eustachio
  3116 | D:4      | Killed Eustachio
  3117 | D:4      | Reached skill level 1 in Fighting
  3717 | D:4      | Identified a scroll of acquirement
  3718 | D:4      | Acquired the amulet "Nuilupp" {Reflect rF+ Str+3 SH+5}
  3732 | D:5      | Entered Level 5 of the Dungeon
  3749 | D:5      | Noticed Duvessa
  3754 | D:5      | Noticed Dowan
  3904 | D:5      | Reached XP level 8. HP: 29/52 MP: 0/0
  3991 | D:5      | Killed Dowan
  4001 | D:5      | Killed Duvessa
  4002 | D:5      | Reached skill level 1 in Shields
  4234 | D:5      | Found a staircase to the Ecumenical Temple.
  4319 | D:5      | Found a bloodstained altar of Trog.
  4458 | D:5      | Noticed a wizard
  4460 | D:5      | Killed a wizard
  4625 | D:5      | Noticed Edmund
  4637 | D:5      | Killed Edmund
  4734 | D:5      | Found a white marble altar of Elyvilon.
  4751 | D:5      | Reached skill level 1 in Evocations
  4753 | D:5      | Reached skill level 1 in Armour
  4946 | Temple   | Entered the Ecumenical Temple
  4981 | Temple   | Became a worshipper of Makhleb the Destroyer
  5099 | D:6      | Reached XP level 9. HP: 26/58 MP: 0/0
  5099 | D:6      | Learned a level 3 spell: Ignite Poison
  5205 | D:6      | Found a sand-covered staircase.
  5214 | Ossuary  | Entered an ossuary
  5238 | Ossuary  | Reached * piety under Makhleb
  5622 | Ossuary  | Reached ** piety under Makhleb
  5933 | D:6      | Gained mutation: Your natural rate of healing is unusually
                  | fast. [potion of mutation]
  5933 | D:6      | Gained mutation: Your muscles are strong. (Str +4, Int/Dex
                  | -1) [potion of mutation]
  5941 | D:6      | Found an iron altar of Okawaru.
  5981 | D:6      | Reached skill level 1 in Maces & Flails
  6039 | D:6      | Reached skill level 1 in Invocations
  6074 | D:6      | Found Diton's Elemental Accessories.
  6129 | D:6      | Noticed a queen bee
  6131 | D:6      | Noticed PirateVox's ghost (novice TrMo)
  6132 | D:6      | Found a transporter.
  6134 | D:6      | Found a transporter.
  6404 | D:6      | Noticed Prince Ribbit
  6410 | D:6      | Killed Prince Ribbit
  6572 | D:6      | Got Sif Muna's Enchiridion on Terrain
  6852 | D:6      | Reached skill level 5 in Dodging
  6858 | D:6      | Slain by a killer bee

Illustrated notes

Levels and vault maps discovered:
D:1:      nzn_arrival_depleted_hourglass, layout_loops_ring
D:2:      layout_basic, shapermc_ecumenical_altar_acropolis, uniq_jessica
D:3:      cheibrodos_old_hovel, layout_basic, nicolae_yredelemnul_corpse_copse,
          grunt_qazlal_clouds, tgw_xom, serial_shops, shop,
          minmay_shallow_snake_nest, uniq_grinder
D:4:      layout_loops_ring, mainiacjoe_overflow_chevrons, uniq_eustachio
D:5:      layout_rooms, old_standard_altar, trog_wizard, temple_hall,
          minmay_misc_feat_enclosed, uniq_duvessa, uniq_edmund
D:6:      layout_loops_ring, led_sif_book, old_standard_altar,
          nicolae_vehumet_radiance, gammafunk_ghost_hive,
          nicolae_ossuary_entry_ruins, nicolae_elemental_shop,
          uniq_prince_ribbit1
Temple:   corrupted_temple

Skill      XL: |  1  2  3  4  5  6  7  8  9 |
---------------+----------------------------+-----
Spellcasting   | 4 5 6 |  6.5
Conjurations   | 4 5 6 |  6.5
Hexes          | 4 5 6 |  6.5
Summonings     | 4 5 6 |  6.5
Necromancy     | 4 5 6 |  6.5
Translocations | 4 5 6 |  6.5
Transmutations | 4 5 6 |  6.5
Fire Magic     | 4 5 6 |  6.5
Ice Magic      | 4 5 6 |  6.5
Air Magic      | 4 5 6 |  6.5
Earth Magic    | 4 5 6 |  6.5
Poison Magic   | 4 5 6 |  6.5
Stealth        | 2 3 4 |  4.5
Dodging        | 3 4 5 |  5.0
Fighting       | 1 2 |  2.7
Shields        | 2 |  2.5
Evocations     | 1 |  1.8
Armour         | 1 2 |  2.5
Maces & Flails | 1 |  1.7
Invocations    | 2 |  2.8

Action                     |  1- 3 |  4- 6 |  7- 9 || total
---------------------------+-------+-------+-------++-------
  Melee: Mace              |       |     6 |       ||     6
         Dagger            |       |       |    15 ||    15
         Flail             |       |       |    30 ||    30
         Halberd           |       |       |     1 ||     1
   Cast: Foxfire           |    27 |    52 |    39 ||   118
         Scorch            |    30 |    20 |   118 ||   168
         Slow              |     1 |     3 |     2 ||     6
         Inner Flame       |     1 |     1 |     1 ||     3
         Volatile Blastmot |     1 |       |    22 ||    23
         Flame Wave        |       |     2 |     8 ||    10
         Passwall          |       |       |     4 ||     4
 Invoke: Minor Destruction |       |       |     9 ||     9
  Evoke: Wand              |       |       |    19 ||    19
    Use: Scroll            |     1 |     2 |    10 ||    13
         Potion            |       |       |     5 ||     5
   Stab: Distracted        |       |       |     1 ||     1
 Armour: Robe              |       |     2 |     3 ||     5
         Leather armour    |       |       |    19 ||    19
  Dodge: Dodged            |     7 |     3 |    73 ||    83
  Block: Other             |       |       |    24 ||    24
         Reflection        |       |       |     1 ||     1

Table legend: (Time is in decaauts)
 A = Elapsed time spent in this place.
 B = Non-inter-level travel time spent in this place.
 C = Inter-level travel time spent in this place.
 D = Time resting spent in this place.
 E = Time spent auto-exploring this place.
 F = Levels seen in this place.
 G = Mean time per level.
                   A        B        C        D        E       F      G
               +--------+--------+--------+--------+--------+-----+--------+
         Total |   6848 |   4327 |   2521 |   1653 |   1042 |   8 |  856.0 |
       Dungeon |   6074 |   3577 |   2497 |   1472 |   1042 |   6 | 1012.3 |
        Temple |     51 |     27 |     24 |      0 |      0 |   1 |   51.0 |
       Ossuary |    722 |    722 |      0 |    181 |      0 |   1 |  722.0 |
               +--------+--------+--------+--------+--------+-----+--------+

Top non-repeatable levels by time:
     D:4: 1106 daAuts
     D:5: 1077 daAuts
     D:1: 1076 daAuts
     D:6: 1048 daAuts
     D:2: 979 daAuts
     D:3: 785 daAuts
 Ossuary: 722 daAuts
  Temple: 51 daAuts
